 Dungeon Crawl Stone Soup version 0.17.0-22-g5edae84 (console) character file.

27 gw the Skirmisher (level 2, 0/24 HPs)
             Began as a Demonspawn Berserker on Nov 12, 2015.
             Was a Follower of Trog.
             Slain by an adder (2 damage)
             ... on level 2 of the Dungeon.
             The game lasted 00:01:10 (1228 turns).

gw the Skirmisher (Demonspawn Berserker)            Turns: 1228, Time: 00:01:10

Health: 0/24       AC:  3    Str: 17    XL:     2   Next: 93%
Magic:  2/2        EV: 12    Int:  8    God:    Trog [*.....]
Gold:   19         SH:  0    Dex: 12    Spells: 0 memorised, 1 level left

rFire  . . .     SeeInvis .     a - +0 falchion
rCold  . . .     Clarity  .     e - +0 leather armour
rNeg   . . .     SustAt   .     (no shield)
rPois  .         Gourm    .     (no helmet)
rElec  .         Spirit   .     (no cloak)
rCorr  .         Warding  .     (no gloves)
rMut   .         Stasis   .     (no boots)
MR     .....                    b - amulet of inaccuracy (curse)
Stlth  ++........               (no ring)
                                (no ring)

@: lethally poisoned (0 -> -4), not resistant to hostile enchantments,
unstealthy
A: nightstalker 1
a: Berserk, Burn Spellbooks, Renounce Religion


You were on level 2 of the Dungeon.
You worshipped Trog.
Trog was aware of your devotion.
You were very hungry.

You visited 1 branch of the dungeon, and saw 2 of its levels.

You collected 19 gold pieces.

Inventory:

Hand Weapons
 a - a +0 falchion (weapon)
Missiles
 d - 27 stones (quivered)
Armour
 e - a +0 leather armour (worn)
Jewellery
 b - a cursed amulet of inaccuracy (around neck)
Comestibles
 c - 2 bread rations


   Skills:
 + Level 3.2 Fighting
 * Level 3.0 Long Blades
 + Level 1.0 Throwing
 + Level 2.2 Armour
 - Level 1.7 Dodging


You had one spell level left.
You didn't know any spells.

Dungeon Overview and Level Annotations

Branches:
Dungeon (2/15)

Altars:
Qazlal
Ru


Innate Abilities, Weirdness & Mutations

You are slightly more attuned to the shadows.


Message History

You miss the adder.
The adder is heavily wounded.
The adder barely misses you.
Unknown command.
Unknown command.
Unknown command.
Unknown command.
ATTACKING (-1,-1)
You closely miss the adder.
The adder is heavily wounded.
You feel sick. The adder closely misses you. The adder barely misses you.
Unknown command.
Unknown command.
Unknown command.
Unknown command.
ATTACKING (-1,-1)
You closely miss the adder.
The adder is heavily wounded.
The adder bites you.
You die...

###.####.#
#.....##.#
.###.....##.##
......_......#
#. #.....###.#
#( #.....#
#!###### #(
###.###
#.......
#S####.#
#.######
#.6....#####.#
######.......#
#########


You could see an adder.

Table legend:
 A = Turns spent in this place as a percentage of turns spent in the entire game.
 B = Non-inter-level travel turns spent in this place as a percentage of non-inter-level travel turns spent in the entire game.
 C = Inter-level travel turns spent in this place as a percentage of turns spent in this place.
 D = Turns resting spent in this place as a percentage of non-inter-level travel turns spent in this place.
 E = Turns spent auto-exploring this place as a percentage of non-inter-level travel turns spent in this place.
 F = Non-inter-level travel turns spent in this place divided by the number of levels of this place that you've seen.
                   A       B       C       D       E      F
               +-------+-------+-------+-------+-------+----------------------
         Total | 100.0 | 100.0 |   0.4 |   1.2 |   2.2 | 839.5
       Dungeon | 100.0 | 100.0 |   0.4 |   1.2 |   2.2 | 839.5
               +-------+-------+-------+-------+-------+----------------------

Table legend:
 A = Kills in this place as a percentage of kills in entire the game.
 B = Kills by you in this place as a percentage of kills by you in the entire game.
 C = Kills by friends in this place as a percentage of kills by friends in the entire game.
 D = Other kills in this place as a percentage of other kills in the entire game.
 E = Experience gained in this place as a percentage of experience gained in the entire game.
 F = Experience gained in this place divided by the number of levels of this place that you have seen.
                   A       B       C       D       E      F
               +-------+-------+-------+-------+-------+----------------------
         Total | 100.0 | 100.0 |  -nan |  -nan | 100.0 |  19.5
       Dungeon | 100.0 | 100.0 |  -nan |  -nan | 100.0 |  19.5
               +-------+-------+-------+-------+-------+----------------------

Vanquished Creatures
  An adder (D:2)
  A giant gecko (D:1)
  A bat (D:1)
  2 goblins
  3 hobgoblins (D:1)
  A giant cockroach (D:1)
  2 giant newts (D:1)
  3 kobolds (D:1)
  2 rats (D:1)
16 creatures vanquished.

Notes
Turn   | Place    | Note
--------------------------------------------------------------
     0 | D:1      | gw the Demonspawn Berserker began the quest for the Orb.
     0 | D:1      | Reached XP level 1. HP: 18/18 MP: 1/1
   242 | D:1      | Gained mutation: You are slightly more attuned to the shadows. [demonic ancestry]
   242 | D:1      | Reached XP level 2. HP: 4/24 MP: 2/2
   966 | D:2      | Reached skill level 1 in Throwing
  1134 | D:2      | Found a sacrificial altar of Ru.
  1193 | D:2      | Found a stormy altar of Qazlal.
  1228 | D:2      | Slain by an adder

Action                   || total
-------------------------++-------
Melee: Falchion          ||    76
Throw: Stone             ||    39
Invok: Berserk           ||     2
  Eat: Chunk             ||     2

Vault maps used:
D:1:      moated_graveyard_arrival
D:2:      nicolae_ru_path_of_blood, nicolae_overflow_crystal_walls, first_bread,
          serial_bayou_ford_a
